 Dungeon Sprint DCSS version 0.21.1-1-g345015f (webtiles) character file.

419 Fang the Fighter (level 6, 0/47 HPs)
             Began as a Gargoyle Berserker on July 12, 2018.
             Was a High Priest of Trog.
             Slain by a jumping spider (4 damage)
             ... in the Dungeon (Sprint VII: "The Pits").
             The game lasted 00:02:48 (968 turns).

Fang the Fighter (Gargoyle Berserker)                Turns: 968, Time: 00:02:49

Health: 0/47       AC:  6    Str: 23    XL:     6   Next: 93%
Magic:  6/6        EV: 13    Int:  7    God:    Trog [*****.]
Gold:   0          SH:  0    Dex:  9    Spells: 5/5 levels left

rFire    . . .     SeeInvis .   m - +2 hand axe (chop)
rCold    . . .     Gourm    .   (no shield)
rNeg     + . .     Faith    .   b - +0 animal skin
rPois    ∞         Spirit   .   (no helmet)
rElec    +         Reflect  .   (no cloak)
rCorr    .         Harm     .   (no gloves)
MR       .....     NoTele   +   (no boots)
Stlth    +.........             (no amulet)
HPRegen  0.15/turn              (no ring)
MPRegen  0.10/turn              (no ring)

@: no status effects
A: negative energy resistance 1, electricity resistance, unbreathing,
petrification resistance, rot immunity, AC +4
a: Berserk, Trog's Hand, Brothers in Arms, Burn Spellbooks, Renounce Religion


You were in the Dungeon.
You worshipped Trog.
Trog was extremely pleased with you.
You were very hungry.

You visited 1 branch

Inventory:

Hand Weapons
 m - a +2 hand axe of chopping (weapon)
Armour
 b - a +0 animal skin (worn)
Scrolls
 i - a scroll of blinking
 k - 3 scrolls of remove curse
 l - a scroll of summoning
Potions
 a - 2 potions of invisibility
 d - 6 potions of curing
 e - 4 potions of heal wounds
 f - a potion of haste
 g - 4 potions of magic
 h - 3 potions of berserk rage
Comestibles
 c - 9 rations


   Skills:
 + Level 9.5 Fighting
 + Level 9.3 Axes
 + Level 4.8 Armour
 + Level 4.6 Dodging


You had 5 spell levels left.
You didn't know any spells.

Dungeon Overview and Level Annotations

Branches:
Dungeon (1/1)

Altars:
Cheibriados
Dithmenos
Elyvilon
Fedhas
Gozag
Hepliaklqana
Makhleb
Nemelex Xobeh
Okawaru
Qazlal
Ru
Sif Muna
Trog
Vehumet
Wu Jian
Xom
Yredelemnul
Zin
The Shining One
Beogh
Jiyva
Lugonu


Innate Abilities, Weirdness & Mutations

You are resistant to torment.
Your stone body is resilient. (AC +4)
You are immune to poison.
You resist negative energy. (rN+)
You are resistant to electric shocks. (rElec)
You can survive without breathing.
You are immune to petrification.
You are immune to rotting.


Message History

The jumping spider is lightly wounded.
The jumping spider closely misses you.
The jumping spider bites you but does no damage.
You hit the jumping spider.
The jumping spider is moderately wounded.
The jumping spider closely misses you. The jumping spider bites you.
You barely miss the jumping spider.
The jumping spider is moderately wounded.
The jumping spider pounces on you! The jumping spider bites you.
The jumping spider barely misses you. x2
You miss the jumping spider.
The jumping spider is moderately wounded.
The jumping spider pounces on you!
* * * LOW HITPOINT WARNING * * *
The jumping spider bites you but does no damage.
You barely miss the jumping spider.
The jumping spider is moderately wounded.
The jumping spider pounces on you but does no damage.
The jumping spider bites you.
You die...

##########.##.....
#...........'.....
#'#####'#####.....
#.#[[#...§.##.....
#.#))#####'#####'#
#.#))#.....##.....
#.#).#.....##.....
#.#..###)####.....
#@##)#...†.##...<.
#s#........##.....
#.#........##.....
#'###########.....
#(.))...# ######
#..#)#..#
#.##)##.#
#.......#+#
#.##.##.#.+


You could see a jumping spider.

Vanquished Creatures
  A floating eye (D)
  A centaur (D)
  A gnoll sergeant (D)
  A scorpion (D)
  2 iguanas (D)
  5 gnolls (D)
  A river rat (D)
  An adder (D)
  2 ufetubi (D)
  A bat zombie (D)
  2 frilled lizards (D)
  A goblin (D)
  A leopard gecko zombie (D)
20 creatures vanquished.

Notes
Turn   | Place    | Note
-------+----------+-------------------------------------------
     0 | D        | Fang the Gargoyle Berserker began the quest for the Orb.
     0 | D        | Reached XP level 1. HP: 14/14 MP: 1/1
    11 | D        | Noticed a floating eye
    16 | D        | Killed a floating eye
    16 | D        | Reached skill level 5 in Axes
    16 | D        | Reached XP level 2. HP: 23/23 MP: 2/2
    16 | D        | Reached XP level 3. HP: 28/28 MP: 3/3
    16 | D        | Reached XP level 4. HP: 32/32 MP: 4/4
    23 | D        | Found a bloodstained altar of Trog.
    23 | D        | Found a deep blue altar of Sif Muna.
    23 | D        | Found a viscous altar of Jiyva.
    23 | D        | Found a hazy altar of Hepliaklqana.
    23 | D        | Found an opulent altar of Gozag.
    24 | D        | Found a glowing golden altar of the Shining One.
    24 | D        | Found a glowing silver altar of Zin.
    24 | D        | Found a basalt altar of Yredelemnul.
    24 | D        | Found a shimmering altar of Xom.
    24 | D        | Found an ornate altar of the Wu Jian Council.
    24 | D        | Found a sacrificial altar of Ru.
    24 | D        | Found a stormy altar of Qazlal.
    24 | D        | Found an iron altar of Okawaru.
    24 | D        | Found a sparkling altar of Nemelex Xobeh.
    24 | D        | Found a burning altar of Makhleb.
    24 | D        | Found a blossoming altar of Fedhas.
    24 | D        | Found a white marble altar of Elyvilon.
    24 | D        | Found a shadowy altar of Dithmenos.
    24 | D        | Found a snail-covered altar of Cheibriados.
    26 | D        | Found a radiant altar of Vehumet.
    26 | D        | Found a corrupted altar of Lugonu.
    26 | D        | Found a roughly hewn altar of Beogh.
    70 | D        | Reached ** piety under Trog
   104 | D        | Reached *** piety under Trog
   104 | D        | Reached XP level 5. HP: 35/38 MP: 5/5
   178 | D        | Noticed a centaur
   181 | D        | Reached **** piety under Trog
   184 | D        | Killed a centaur
   184 | D        | Reached XP level 6. HP: 45/45 MP: 6/6
   189 | D        | Reached ***** piety under Trog
   450 | D        | Noticed a jumping spider
   968 | D        | Slain by a jumping spider

Skill      XL: |  1  2  3  4  5  6 |
---------------+-------------------+-----
Fighting       | 6 7 8 9 |  9.5
Axes           | 5 6 8 9 |  9.3
Armour         | 3 4 |  4.8
Dodging        | 2 3 4 |  4.6

Action                   |  1- 3 |  4- 6 || total
-------------------------+-------+-------++-------
Melee: Hand axe          |     4 |    68 ||    72
Invok: Berserk           |       |     1 ||     1
  Use: Potion            |       |     2 ||     2
Armor: Animal skin       |       |    31 ||    31
Dodge: Dodged            |       |    68 ||    68
